 Dungeon Crawl Stone Soup version 0.22-a0-362-g535178c (webtiles) character file.

114 Amnesiac the Grave Robber (level 4, 0/33 HPs)
             Began as a Mummy Necromancer on Apr 19, 2018.
             Slain by a human zombie (3 damage)
             ... on level 5 of the Dungeon.
             The game lasted 00:03:54 (1267 turns).

Amnesiac the Grave Robber (Mummy Necromancer)       Turns: 1267, Time: 00:03:54

Health: 0/33       AC:  2    Str: 11    XL:     4   Next: 66%
Magic:  0/8        EV: 13    Int: 15    God:
Gold:   89         SH:  0    Dex: 12    Spells: 6/9 levels left

rFire    x . .     SeeInvis .   h - +0 short sword (vamp)
rCold    + . .     Gourm    .   (no shield)
rNeg     + + +     Faith    .   a - +0 robe
rPois    ∞         Spirit   +   (no helmet)
rElec    .         Reflect  .   e - scarf {Spirit}
rCorr    .         Harm     .   (no gloves)
MR       .....                  (no boots)
Stlth    ++........             (no amulet)
HPRegen  0.11/turn              (no ring)
MPRegen  0.11/turn              (no ring)

@: no status effects
A: no food or potions, fire vulnerability, cold resistance 1, negative energy
resistance 3, torment resistance, unbreathing
a: no special abilities


You were on level 5 of the Dungeon.
You were not hungry.

You visited 1 branch of the dungeon, and saw 5 of its levels.

You collected 89 gold pieces.

Inventory:

Hand Weapons
 h - a +0 vampiric short sword (weapon)
Missiles
 c - 10 stones (quivered)
Armour
 a - a +0 robe (worn)
 e - a scarf of spirit shield (worn)
Scrolls
 b - 4 scrolls of identify {!r}


   Skills:
 + Level 1.9 Fighting
 * Level 3.0 Dodging
 - Level 1.5 Stealth
 - Level 3.0 Spellcasting
 + Level 4.5 Necromancy


You had 6 spell levels left.
You knew the following spells:

 Your Spells              Type           Power        Failure   Level  Hunger
d - Vampiric Draining     Necr           ###.......   10%         3    N/A

Dungeon Overview and Level Annotations

Branches:
Dungeon (5/15)
 Temple: D:4-7

Altars:
Ru


Innate Abilities, Weirdness & Mutations

You do not eat or drink.
Your flesh is vulnerable to fire.
You are immune to poison.
Your flesh is cold resistant. (rC+)
You are immune to negative energy. (rN+++)
You are immune to unholy pain and torment.
You can survive without breathing.


Message History

The elf zombie hits you!
* * * LOW HITPOINT WARNING * * *
The elf skeleton hits you.
* * * LOW HITPOINT WARNING * * *
You open the door.
A human zombie comes into view.
You open the door. The elf zombie closely misses you.
The elf skeleton hits you.
* * * LOW HITPOINT WARNING * * *
The human zombie hits you but does no damage.
There is an open door here.
Really read
g - a scroll labeled SORA ROADDU {!r}?
As you read the scroll labeled SORA ROADDU {!r}, it crumbles to dust.
It is a scroll of amnesia.
Your memory of Pain unravels.
The human skeleton hits you.
* * * LOW HITPOINT WARNING * * *
The human zombie hits you.
* * * LOW HITPOINT WARNING * * *
Really read
f - a scroll labeled BEOBRY SAFAU {!r}?
As you read the scroll labeled BEOBRY SAFAU {!r}, it crumbles to dust.
You speak a Word of immense power!
You are blasted by holy energy!
* * * LOW HITPOINT WARNING * * *
The human skeleton convulses!
The human zombie convulses!
The elf zombie convulses!
The elf skeleton convulses! x2
It was a scroll of holy word {!r}.
The elf skeleton is lost in a daze.
The elf zombie is lost in a daze.
The human skeleton barely misses you.
The elf skeleton is lost in a daze.
Really read
d - a scroll labeled ETZELLA ECIDOR {!r}?
As you read the scroll labeled ETZELLA ECIDOR {!r}, it crumbles to dust.
You assume a fearsome visage.
The human skeleton is unaffected.
The human zombie is unaffected.
The elf skeleton is unaffected. x2
The elf zombie is unaffected.
It was a scroll of fear {!r}.
The human zombie hits you but does no damage.
The human skeleton is lost in a daze.
The elf skeleton is lost in a daze.
You aren't carrying any items that you can evoke.
Really read
b - 5 scrolls labeled PONAEFR UWKYRI {!r}?
As you read the scroll labeled PONAEFR UWKYRI {!r}, it crumbles to dust.
It is a scroll of identify.
You don't have any unidentified items.
The human zombie barely misses you.
The human skeleton is lost in a daze.
You hit the human skeleton.
The human skeleton is almost destroyed.
The human zombie is lost in a daze.
The human skeleton barely misses you.
You hit the human skeleton.
The human skeleton is almost destroyed.
The human zombie barely misses you.
Press: ? - help, v - describe, . - travel
Here: a human skeleton (almost destroyed, dazed)
The floor.
Unknown command.
You closely miss the human skeleton.
The human skeleton is almost destroyed.
The human skeleton barely misses you.
The elf skeleton is lost in a daze.
The human zombie hits you.
* * * LOW HITPOINT WARNING * * *
You hit the human skeleton.
You destroy the human skeleton!
Your Dodging skill increases to level 3!
The human zombie hits you.
* * * LOW HITPOINT WARNING * * *
The elf zombie is lost in a daze.
You open the door.
The human zombie is no longer dazed.
The human zombie hits you.
You die...

#.....## #....##
#....# #....#
####....###
...........#### #
##.............
#.#########.....####
#.'@Z.#.'.#######
#####Z#'###
#.Z...+.# ###...###
#.'...'.# #+#'#'#'#
#.#.#.# #######


You could see an elf zombie (dazed) and a human zombie.

Vanquished Creatures
  An orc priest (D:4)
  An orc wizard (D:3)
  A human skeleton (D:5)
  An adder (D:3)
  A dart slug (D:3)
  An orc (D:5)
  3 giant cockroaches
  A goblin (D:3)
  3 hobgoblins
  A jackal (D:4)
  A ball python (D:3)
  3 bats
  2 frilled lizards (D:1)
20 creatures vanquished.

Notes
Turn   | Place    | Note
-------+----------+-------------------------------------------
     0 | D:1      | Amnesiac the Mummy Necromancer began the quest for the Orb.
     0 | D:1      | Reached XP level 1. HP: 13/13 MP: 4/4
   264 | D:3      | Reached XP level 2. HP: 19/20 MP: 0/5
   382 | D:3      | Found a sacrificial altar of Ru.
   514 | D:3      | Reached skill level 1 in Fighting
   514 | D:3      | Reached XP level 3. HP: 21/26 MP: 0/7
   519 | D:3      | Learned a level 3 spell: Vampiric Draining
   647 | D:5      | Entered Level 5 of the Dungeon
   704 | D:4      | Noticed an ogre
   874 | D:5      | Noticed a centaur
   884 | D:4      | Reached XP level 4. HP: 2/33 MP: 0/8
  1267 | D:5      | Slain by a human zombie

Vault maps used:
D:1:      minmay_arrival_plants_in_alcoves
D:2:      nicolae_gozag_cash_rules_everything_around_me,
          evilmike_ruin_ashenzari, uniq_terence, uniq_crazy_yiuf_cottage
D:3:      nicolae_ru_great_annihilating_truth, first_ration, nrook_mini_vaults
D:4:      minmay_goblin_kobold_castle, nrook_mini_backslash, minivault_1,
          hangedman_decor_slide_cut
D:5:      nicolae_ossuary_entry_catacombs, lightli_minifort

Skill      XL: |  1  2  3  4 |
---------------+-------------+-----
Dodging        | 2 3 |  3.0
Spellcasting   | 3 |  3.0
Fighting       | 1 |  1.9
Stealth        | |  1.5
Necromancy     | |  4.5

Action                   |  1- 3 |  4- 6 || total
-------------------------+-------+-------++-------
Melee: Unarmed           |    19 |       ||    19
       Short sword       |       |     4 ||     4
 Cast: Pain              |    49 |       ||    49
  Use: Scroll            |       |     4 ||     4
Armor: Robe              |     8 |     2 ||    10
Dodge: Dodged            |    26 |     7 ||    33

Table legend:
 A = Spawn XP
 B = Non-spawn XP
 C = Spawn XP percentage of total XP
 D = Spawn monster count
 E = Non-spawn monster count
 F = Spawn count percentage of total count
 G = Total turns spent on level
                    A         B        C        D         E        F      G
               +---------+---------+-------+---------+---------+-------+---------
         Total |       0 |     163 |   0.0 |       0 |      20 |   0.0 |  1267
               +---------+---------+-------+---------+---------+-------+---------
           D:1 |       0 |       7 |   0.0 |       0 |       5 |   0.0 |   187
           D:3 |       0 |      68 |   0.0 |       0 |       9 |   0.0 |   282
           D:4 |       0 |      47 |   0.0 |       0 |       3 |   0.0 |   643
           D:5 |       0 |      41 |   0.0 |       0 |       3 |   0.0 |   149
               +---------+---------+-------+---------+---------+-------+---------
